cohdb
Replays
Latest Replays
All Replays
Popular Replays
Top Player Replays
Match Explorer
How It Works
Community
CoH3 Stats
Reddit
Sign in to upload your games and track your stats! →
Sign in with Steam
Match 44115217
Unlisted
Match 44115217
Overview
Messages
Build Orders
End
Construct Infanterie Kompanie
Kettenkrad Recon Vehicle
Selects Terror Battlegroup
Grenadier Squad
Selects Machine Gun Camouflage
MG 42 Machine Gun Team
GrW 34 Mortar Team
Construct Panzergrenadier Kompanie
251 Medium Carrier
Grenadier Squad
Infanterie Officer Quarters
MG 42 Machine Gun Team
Pak 40 Anti-tank Gun Team
Selects Contempt for the Weak
Construct Panzer Kompanie
Selects No Quarter
MG 42 Bunker
Stoßtruppen Squad
Stoßtruppen Squad
Sturmpanzer IV Brummbär
Panzer Officer Quarters
Side Skirts
Selects Propaganda Leaflet Drop
251 Medium Carrier
~TAB~ THUND3RCHUNKY
S.a.N
lemerman9
gabman6
0
0
Comments
sign in to comment!
No comments posted yet!